[Event "Six Nations Cup 26th"]
[Site "Knuellwald"]
[Date "2022.04.29"]
[Round "2.3"]
[White "Badano, Giancarlo"]
[Black "Stimec, Marjan"]
[Result "0-1"]
[ECO "B23"]
[WhiteElo "1855"]
[BlackElo "1747"]
[PlyCount "97"]
[EventDate "2022.04.29"]
[EventType "team-tourn"]
[EventRounds "5"]
[EventCountry "GER"]
[WhiteTeam "Italy VI"]
[BlackTeam "Slovenia"]
[WhiteTeamCountry "ITA"]
[BlackTeamCountry "SLO"]
[TimeControl "5400+30"]

1. e4 c5 2. Nc3 g6 3. g3 Bg7 4. Bg2 Nc6 5. f4 d6 6. Nf3 Nf6 7. O-O O-O 8. d3
Nd4 9. Ne2 Nxf3+ 10. Bxf3 Ng4 11. c3 e5 12. h3 Nf6 13. g4 Qe7 14. f5 Nd7 15.
Ng3 f6 16. h4 Qf7 17. Be3 b6 18. c4 Nb8 19. Qd2 Nc6 20. Kh2 Kh8 21. Rg1 Nd4 22.
Bxd4 cxd4 23. b4 Qe7 24. h5 g5 25. Rgc1 Bb7 26. Bd1 Rfc8 27. Bb3 h6 28. Ne2 Bf8
29. a4 d5 30. cxd5 Qxb4 31. Qxb4 Bxb4 32. Rxc8+ Rxc8 33. Rc1 Rxc1 34. Nxc1 Kg7
35. Kg2 Kf8 36. Kf2 Ke7 37. Ke2 Kd6 38. Kd1 Kc5 39. Kc2 a6 40. Na2 Ba5 41. Kb2
Be1 42. Bc2 Ba5 43. Kb3 Bd2 44. Ka3 Ba5 45. Kb3 b5 46. axb5 Kxb5 47. Kb2 Bc7
48. Ka3 a5 49. Nc1 0-1

[Event "Six Nations Cup 26th"]
[Site "Knuellwald"]
[Date "2022.04.30"]
[Round "3.4"]
[White "Pezzolato, Erica"]
[Black "Gransmark, Patrik"]
[Result "0-1"]
[ECO "A20"]
[WhiteElo "1439"]
[BlackElo "1659"]
[PlyCount "60"]
[EventDate "2022.04.29"]
[EventType "team-tourn"]
[EventRounds "5"]
[EventCountry "GER"]
[WhiteTeam "Italy VI"]
[BlackTeam "Sweden IV"]
[WhiteTeamCountry "ITA"]
[BlackTeamCountry "SWE"]
[TimeControl "5400+30"]

1. c4 e5 2. d3 Bb4+ 3. Bd2 Bxd2+ 4. Nxd2 d6 5. Ngf3 f5 6. g3 Nf6 7. Bg2 O-O 8.
O-O Qe8 9. e3 Nc6 10. a3 Qh5 11. Nh4 Qh6 12. f4 exf4 13. exf4 Re8 14. Re1 Rxe1+
15. Qxe1 Bd7 16. Qf2 Ng4 17. Qf3 Qf6 18. Rb1 Qd4+ 19. Kh1 Nf2+ 20. Kg1 Nh3+ 21.
Kh1 Nf2+ 22. Kg1 Nxd3+ 23. Kf1 Nc5 24. Qd5+ Qxd5 25. Bxd5+ Kf8 26. Nhf3 g6 27.
Re1 Re8 28. Rxe8+ Bxe8 29. Ke2 Bf7 30. Bxf7 Kxf7 0-1

[Event "Six Nations Cup 26th"]
[Site "Knuellwald"]
[Date "2022.05.01"]
[Round "4.1"]
[White "Casadei, Marco"]
[Black "Thevenet, Yann"]
[Result "1-0"]
[ECO "C54"]
[WhiteElo "1968"]
[BlackElo "1981"]
[PlyCount "53"]
[EventDate "2022.04.29"]
[EventType "team-tourn"]
[EventRounds "5"]
[EventCountry "GER"]
[WhiteTeam "Italy VI"]
[BlackTeam "France III"]
[WhiteTeamCountry "ITA"]
[BlackTeamCountry "FRA"]
[TimeControl "5400+30"]

1. e4 e5 2. Nf3 Nc6 3. Bc4 Bc5 4. c3 Nf6 5. d4 exd4 6. cxd4 Bb4+ 7. Bd2 Bxd2+
8. Nbxd2 d5 9. exd5 Nxd5 10. Qb3 Be6 11. Qxb7 Na5 12. Qb5+ c6 13. Qc5 Qb6 14.
O-O Qxc5 15. dxc5 Rb8 16. b3 O-O 17. Nd4 h6 18. Nxe6 fxe6 19. Rfe1 Nxc4 20.
Nxc4 Rf6 21. Ne5 Rb5 22. Rac1 Ne7 23. Re4 a5 24. Nd7 Rg6 25. Rce1 Rb7 26. Nb6
Kf7 27. Nc4 1-0